 Dungeon Crawl Stone Soup version 0.20-a0-550-gf70bbbc (webtiles) character file.

463357 HEYYEYAAE the Shatterer (level 23, 0/220 (221) HPs)
             Began as a Troll Berserker on Feb 1, 2017.
             Was a High Priest of Trog.
             Slain by an acid blob (25 damage)
             ... on level 5 of the Pits of Slime on Feb 2, 2017.
             The game lasted 02:13:50 (52157 turns).

HEYYEYAAE the Shatterer (Troll Berserker)          Turns: 52157, Time: 02:13:50

HP:   0/220 (221)   AC:  9    Str: 45    XL:     23   Next: 40%
MP:   30/30         EV: 18    Int:  3    God:    Trog [*****.]
Gold: 3028          SH:  0    Dex: 11    Spells: 22/22 levels left

rFire    . . .     SeeInvis +   y - +5 giant spiked club "Doeciops" {venom, rPois Str+5}
rCold    + + +     Gourm    +   x - +10 storm dragon scales of the Game of Kings {+Blink rElec Regen+ Str-3 SInv}
rNeg     + . .     Faith    +   (shield currently unavailable)
rPois    +         Spirit   .   T - +1 hat
rElec    +         Reflect  .   a - +0 cloak of the Buccaneer {-Tele *Corrode rC+++ Slay+6}
rCorr    +         Harm     .   (gloves unavailable)
MR       ++++.     NoTele   +   (boots unavailable)
Stlth    ..........             s - amulet of faith
Regen    1.0/turn               h - ring "Poakh" {rCorr rElec rPois rN+ Dex-5}
                                o - ring "Kuopu" {rPois MR+}

@: mighty, agile, exhausted, corroded, very slightly contaminated, recuperating,
diseased, hasted and slowed
A: unfitting armour, claws 3, thin skeletal structure 1, blink, fast metabolism
3, gourmand, regeneration 1, shaggy fur 1, tough skin 2
}: 2/15 runes: decaying, serpentine
a: Blink, Berserk, Trog's Hand, Brothers in Arms, Burn Spellbooks, Renounce
Religion, Evoke Blink


You were on level 5 of the Pits of Slime.
You worshipped Trog.
Trog was extremely pleased with you.
You were very full.

You visited 9 branches of the dungeon, and saw 46 of its levels.
You also visited: Labyrinth, Trove and Ossuary.

You collected 6278 gold pieces.
You spent 3250 gold pieces at shops.

Inventory:

Hand Weapons
 n - a +9 antimagic giant club
 y - the +5 giant spiked club "Doeciops" (weapon) {venom, rPois Str+5}
   (Trog gifted it to you on level 3 of the Vaults)

   It poisons the flesh of those it strikes.
   It affects your strength (+5).
   It protects you from poison.
 C - the +8 giant spiked club of Purpose {flame, rN++ Int+2 Dex-2, unknown}
   (Trog gifted it to you on level 5 of the Pits of Slime)

   It has been specially enchanted to burn those struck by it, causing extra
   injury to most foes and up to half again as much damage against particularly
   susceptible opponents.
   It affects your intelligence (+2).
   It affects your dexterity (-2).
   It greatly protects you from negative energy.
Missiles
 w - 64 large rocks (quivered)
Armour
 a - the +0 cloak of the Buccaneer (worn) {-Tele *Corrode rC+++ Slay+6}
   (You found it on level 3 of the Elven Halls)

   It affects your accuracy and damage with ranged weapons and melee attacks
   (+6).
   It renders you almost immune to cold.
   It prevents most forms of teleportation.
   It may corrode you when you take damage.
 e - a +2 cloak
 x - the +10 storm dragon scales of the Game of Kings (worn) {+Blink rElec Regen+ Str-3 SInv}
   (You found it in a treasure trove)

   It affects your strength (-3).
   It insulates you from electricity.
   It lets you see invisible.
   It lets you blink.
   It increases your rate of regeneration.
 D - +0 fire dragon scales
 T - a +1 hat (worn)
Jewellery
 h - the ring "Poakh" (right claw) {rCorr rElec rPois rN+ Dex-5}
   (You found it on level 2 of the Swamp)

   [ring of resist corrosion]

   It affects your dexterity (-5).
   It insulates you from electricity.
   It protects you from poison.
   It protects you from negative energy.
 j - a cursed ring of see invisible {unknown}
 k - the amulet "Vuwas" {Reflect rElec rF+ rC+ MR- SH+3, unknown}
   (You found it in a treasure trove)

   [amulet of reflection]

   It shields you and reflects attacks.
   It protects you from fire.
   It protects you from cold.
   It insulates you from electricity.
   It affects your resistance to hostile enchantments.
   It affects your SH (+3).
 m - the amulet of the Air {Inacc +Fly rElec EV+5 RMsl}
   (You found it on level 3 of the Elven Halls)

   [amulet of inaccuracy]

   It reduces the accuracy of all your attacks.
   It affects your evasion (+5).
   It insulates you from electricity.
   It lets you fly.
   It protects you from missiles.
 o - the ring "Kuopu" (left claw) {rPois MR+}
   (You found it on level 11 of the Dungeon)

   [ring of poison resistance]

   It protects you from poison.
   It affects your resistance to hostile enchantments.
 s - an amulet of faith (around neck)
 u - the ring "Cazxant" {rC+ Dex+5}
   (You found it in a treasure trove)

   [ring of protection from cold]

   It affects your dexterity (+5).
   It protects you from cold.
 P - an uncursed amulet of harm {unknown}
 Y - the ring of Xom's Recklessness {Int+4 Dex+4}
   (You took it off a deep elf high priest on level 3 of the Elven Halls)

   [ring of intelligence]

   It affects your intelligence (+4).
   It affects your dexterity (+4).
Wands
 q - a wand of clouds (2/9)
 G - a wand of paralysis (11/24)
 K - a wand of digging (7/24)
 Q - a wand of lightning (0/15)
Scrolls
 b - 4 scrolls of silence
 f - 24 scrolls of remove curse
 l - 5 scrolls of teleportation
 A - a scroll of blinking
 B - 9 scrolls of immolation
 F - 6 scrolls of recharging
 X - 5 scrolls of magic mapping
Potions
 d - 5 potions of curing
 t - 2 potions of resistance
 v - 3 potions of lignification
 z - 7 potions of might
 H - 9 potions of agility
 J - 14 potions of flight
 M - 3 potions of berserk rage
 N - 2 potions of ambrosia
 O - a potion of cancellation
 V - 3 potions of cure mutation
 W - 8 potions of brilliance
 Z - a potion of magic
Books
 L - Verorr's Papyrus of Dark Enhancements
   (You found it on level 3 of the Depths)

   Spells                             Type                      Level
   a - Pain                           Necromancy                   1
   b - Repel Missiles                 Charms/Air                   2
   c - Spectral Weapon                Hexes/Charms                 3
   d - Bolt of Draining               Conjuration/Necromancy       5
   Trog disapproves of the use of such an item.
Miscellaneous
 i - a lightning rod (4/4)
 E - a fan of gales
 I - a phial of floods
 S - 3 phantom mirrors
 U - a lamp of fire
Comestibles
 c - 23 bread rations
 p - 17 royal jellies
 r - 23 meat rations
 R - 65 fruits


   Skills:
 + Level 11.6 Fighting
 + Level 24.2 Maces & Flails
 + Level 7.8 Throwing
 + Level 17.6 Armour
 + Level 11.8 Dodging
 + Level 10.7 Evocations


You had 22 spell levels left.
You didn't know any spells.

Dungeon Overview and Level Annotations

Branches:
Dungeon (15/15)            Temple (0/1) D:5            Lair (6/6) D:8
  Swamp (4/4) Lair:4        Snake (4/4) Lair:4        Slime (5/5) Lair:5
    Orc (2/2) D:12            Elf (3/3) Orc:2        Vaults (4/5) D:14
  Crypt (0/3) Vaults:2     Depths (3/5) D:15

Altars:
Elyvilon
Fedhas
Nemelex Xobeh
Qazlal
Trog
Yredelemnul
Jiyva

Shops:
D:10 :   Orc:2 [[*[   Vaults:2 [((*   Vaults:3 [   Vaults:4 (   Depths:2 ![

Portals:
Hell: Depths:1 Depths:2 Depths:3
Ziggurat: Depths:3

Annotations:
Elf:2 3 runed doors


Innate Abilities, Weirdness & Mutations

You are too large for most types of armour.
You have claws for hands.
Your metabolism is lightning-fast.
You like to eat raw meat.
Your natural rate of healing is unusually fast.
You are covered in fur. (AC +1)
You have very tough skin. (AC +2)
You have a somewhat thin skeletal structure. (Dex +2, Stealth)
You can translocate small distances at will.


Message History

The death ooze is engulfed in roaring flames.
The azure jelly is engulfed in freezing vapours.
The azure jelly barely misses you. The azure jelly hits you!
* * * LOW HITPOINT WARNING * * *
The azure jelly freezes you. You resist.
* * * LOW HITPOINT WARNING * * *
The azure jelly hits you but does no damage. x2
The death ooze is engulfed in freezing vapours.
The acid blob jiggles.
The acid blob misses you.
You continue taking off the +0 cloak of the Buccaneer {-Tele *Corrode rC+++ Slay+6}.
The azure jelly is engulfed in freezing vapours.
The death ooze is engulfed in freezing vapours.
You destroy the death ooze!
That felt strangely unrewarding.
The acid blob hits you.
* * * LOW HITPOINT WARNING * * *
You are splashed with acid!
The acid burns!
You resist.
* * * LOW HITPOINT WARNING * * *
The acid blob hits you!!
You die...

.................................
............§§§§§................
............§§§§§................
............§§§§§§..............<
#.#.........§§§§§J...............
#####.......§§§JJJ.J.............
##......§§JJJJJ..............
#.#.....§J§JJJJ..............
###.#...§§§J@J...............
####..§§§§...............##
####........#........##
#......#.#####.#### ###.##.###
### ######


You could see 7 acid blobs, 6 azure jellies and 4 death oozes.

Vanquished Creatures
  the Royal Jelly (Slime:5)
  Dissolution (Slime:2)
  A caustic shrike (Depths:2)
  Bai Suzhen (Vaults:2)
  Nikola (Depths:2)
  2 liches
  2 tentacled monstrosities
  Rupert (Lair:3)
  2 titans (Depths:3)
  4 deep elf blademasters (Elf:3)
  18 acid blobs
  Gastronok (Lair:3)
  3 tengu reavers
  2 thorn hunters (Swamp:3)
  A storm dragon (Depths:3)
  7 nagarajas
  11 azure jellies
  5 deep elf sorcerers
  6 fire giants
  3 frost giants
  A balrug (Depths:2)
  13 vault wardens
  Louise (D:14)
  The ghost of Messajah the Warrior, a journeyman MiBe of Trog (Swamp:2)
  A ghoul (Vaults:1)
  8 ironheart preservers
  A spriggan defender (Depths:3)
  4 deep elf elementalists (Elf:3)
  17 very ugly things
  17 stone giants
  A vampire knight (Depths:3)
  8 deep elf demonologists
  5 deep elf annihilators (Elf:3)
  6 deep elf death magi
  A minotaur (Lab)
  5 death oozes
  4 ettins
  A merfolk impaler (Depths:3)
  Josephine (Orc:2)
  5 deep elf high priests (Elf:3)
  7 fire dragons
  7 great orbs of eyes
  7 naga warriors
  6 yaktaur captains
  6 rakshasas
  A spriggan air mage (Depths:2)
  8 anacondas
  5 vault guards
  18 hydras
  14 ice dragons
  5 catoblepae
  16 ogre magi
  8 alligators
  5 centaur warriors
  4 death knights
  14 death yaks
  10 dancing weapons
  4 deep troll shamans
  6 deep troll earth magi
  60 two-headed ogres
  2 tengu warriors
  Urug (D:10)
  An orc high priest (Orc:2)
  12 naga sharpshooters
  5 shock serpents
  17 deep elf knights
  2 sun demons (Depths:2)
  An iron troll (Depths:2)
  4 skeletal warriors
  2 salamander mystics
  A shadow wraith (Vaults:2)
  A small abomination (Elf:3)
  5 sea snakes (Snake:4)
  2 spriggan druids (Swamp:4)
  4 unseen horrors
  3 flayed ghosts
  12 deep trolls
  An unseen horror (shapeshifter) (Depths:2)
  11 deep elf archers
  9 swamp dragons
  2 wizards
  3 glowing orange brains
  9 ironbrand convokers
  12 orc knights
  2 shambling mangroves
  10 naga ritualists
  2 phantasmal warriors
  A wolf spider zombie (D:15)
  46 deep elf magi
  The ghost of Nico3ck the Cleaver, a novice FoFi of Okawaru (D:5)
  2 orc sorcerers
  4 cyclopes
  3 necromancers (Elf:1)
  7 shining eyes
  7 wolf spiders
  4 manticores
  10 mana vipers
  24 ugly things
  12 salamanders
  27 black mambas
  A guardian serpent (Snake:3)
  Maurice (Orc:1)
  2 eyes of devastation
  A torpor snail (shapeshifter) (Elf:3)
  16 naga magi
  A torpor snail (Lair:5)
  9 vault sentinels
  25 spiny frogs
  An efreet (D:14)
  4 centaur skeletons
  A kobold demonologist (D:14)
  A yaktaur (shapeshifter) (Vaults:1)
  A rime drake (Swamp:4)
  4 komodo dragons
  6 freezing wraiths
  58 yaktaurs
  A hellwing (Depths:1)
  6 meliai (D:14)
  A queen bee (shapeshifter) (Vaults:3)
  A troll (shapeshifter) (Vaults:2)
  9 trolls
  2 large abominations (Elf:1)
  5 bog bodies
  2 wolf spider simulacra
  2 dream sheep (D:8)
  4 tyrant leeches
  114 slime creatures
  10 hornets
  10 blink frogs
  A raiju (shapeshifter) (Vaults:4)
  5 hippogriffs
  A hippogriff (shapeshifter) (Depths:1)
  A flying skull (Vaults:2)
  4 wyverns
  4 air elementals
  4 water elementals
  2 spriggans
  3 shadows
  11 wraiths
  A fire bat (shapeshifter) (Depths:3)
  A tarantella (shapeshifter) (Vaults:2)
  2 basilisks (Lair:4)
  3 steam dragons
  45 yaks
  3 fire elementals
  A golden eye (shapeshifter) (Vaults:3)
  16 vampire mosquitoes
  5 hungry ghosts
  6 golden eyes
  3 wargs
  15 insubstantial wisps
  2 soldier ants (D:13)
  17 swamp worms
  25 nagas
  A warg (shapeshifter) (Elf:1)
  A hell hound (Depths:1)
  An acid dragon (shapeshifter) (Elf:2)
  2 acid dragons
  7 water moccasins
  12 porcupines
  A floating eye (Depths:2)
  Duvessa (D:4)
  6 swamp drakes
  38 orc warriors
  6 sky beasts
  4 ice beasts
  A black bear (shapeshifter) (Vaults:1)
  3 eyes of draining
  4 black bears
  3 eyes of draining (shapeshifter)
  7 boggarts
  66 ogres
  7 centaurs
  2 phantoms
  37 wolves
  2 elf zombies (Elf:1)
  3 big kobolds (D:8)
  12 crocodiles
  2 gnoll sergeants
  11 bullfrogs
  2 earth elementals (Elf:3)
  2 wyvern zombies
  Dowan (D:4)
  4 scorpions
  9 wights
  10 killer bees
  An orc simulacrum (Vaults:2)
  2 howler monkeys
  2 spriggan skeletons (Lab)
  A troll skeleton (Lab)
  2 vampire bats (Orc:1)
  4 lava snakes (Lab)
  9 crimson imps
  2 bullfrog zombies
  3 centaur zombies
  A jelly (D:10)
  A quasit (D:7)
  A gnoll shaman (D:6)
  4 bullfrog skeletons
  4 hounds
  26 orc wizards
  Crazy Yiuf (D:2)
  15 orc priests
  Terence (D:3)
  Natasha (thrice) (D:2)
  8 worker ants
  A hound zombie (D:7)
  A hound skeleton (D:7)
  8 mummies (Ossuary)
  Robin (D:2)
  A worker ant zombie (D:10)
  18 gnolls
  14 adders
  3 shadow imps
  An ooze (D:2)
  An adder zombie (D:6)
  An adder skeleton (D:4)
  2 worms (D:3)
  A dart slug (D:3)
  2 leopard geckos
  74 orcs
  4 giant cockroaches
  22 goblins
  4 hobgoblins
  18 jackals
  5 quokkas
  A ball python (D:2)
  16 bats
  3 frilled lizards
  5 gnoll zombies (Ossuary)
  A goblin zombie (D:8)
  A jackal skeleton (D:6)
  2 kobolds (D:3)
  A kobold zombie (Ossuary)
  A leopard gecko zombie (D:5)
  2 orc zombies (Ossuary)
  2 quokka zombies
  7 rats
  11 butterflies (Depths:1)
  2 crawling corpses (Elf:3)
  A fungus (Elf:3)
  A plant (Lair:6)
1747 creatures vanquished.

Vanquished Creatures (collateral kills)
  2 acid blobs (Slime:5)
  2 thorn hunters (Swamp:4)
  2 vault wardens (Vaults:2)
  An ironheart preserver (Vaults:1)
  2 stone giants (Depths:3)
  A deep elf annihilator (Vaults:1)
  A deep elf death mage (Elf:3)
  A yaktaur captain (Vaults:2)
  An ice dragon (Depths:3)
  A great orb of eyes (Slime:5)
  3 naga warriors
  A centaur warrior (Vaults:1)
  An ogre mage (Vaults:2)
  An alligator (Swamp:3)
  4 two-headed ogres (Vaults:2)
  4 death yaks (D:8)
  3 tengu warriors
  A spriggan (Swamp:3)
  3 deep elf knights
  5 hell knights (Depths:3)
  An orc knight (Vaults:1)
  2 swamp dragons
  2 ironbrand convokers
  A shambling mangrove (Swamp:4)
  2 necromancers (Depths:3)
  6 deep elf magi
  2 ugly things (Vaults:2)
  A black mamba (Snake:3)
  A vault sentinel (Vaults:2)
  A naga mage (Snake:3)
  An eye of devastation (Slime:5)
  A centaur zombie (D:15)
  4 spiny frogs
  4 yaktaurs
  4 freezing wraiths
  A rime drake (Swamp:4)
  A tengu conjurer (Depths:3)
  3 hornets
  A tyrant leech (Swamp:4)
  7 slime creatures
  2 golden eyes (Slime:5)
  2 vampire mosquitoes (Swamp:3)
  A warg (Vaults:1)
  An insubstantial wisp (Swamp:3)
  A naga (Snake:3)
  2 orc warriors (Vaults:2)
  A swamp drake (Swamp:4)
  An eye of draining (Slime:2)
  2 wolves
  3 ogres (Vaults:2)
  An orc priest (Vaults:2)
  2 orcs
105 creatures vanquished.

Vanquished Creatures (others)
  A tengu reaver (Depths:2)
  An ettin (Vaults:3)
  An ogre mage (Depths:2)
  A deep troll shaman (Depths:2)
  A deep elf knight (Elf:1)
  A shadow wraith (Vaults:2)
  An unseen horror (D:11)
  A yaktaur (Vaults:3)
  A komodo dragon (Swamp:1)
  An orc wizard (Orc:2)
  A briar patch (Swamp:3)
  7 fungi
  2 plants
20 creatures vanquished.

Grand Total: 1872 creatures vanquished

Notes
Turn   | Place    | Note
-------+----------+-------------------------------------------
     0 | D:1      | HEYYEYAAE the Troll Berserker began the quest for the Orb.
     0 | D:1      | Reached XP level 1. HP: 22/22 MP: 0/0
   101 | D:1      | Reached skill level 3 in Maces & Flails
   164 | D:1      | Found a sparkling altar of Nemelex Xobeh.
   332 | D:1      | Reached XP level 2. HP: 24/29 MP: 1/1
   556 | D:2      | Noticed Robin
   746 | D:2      | Reached XP level 3. HP: 36/36 MP: 2/2
   750 | D:2      | Killed Robin
   750 | D:2      | Reached skill level 4 in Maces & Flails
   897 | D:2      | Reached ** piety under Trog
   930 | D:2      | Reached XP level 4. HP: 41/44 MP: 3/3
   963 | D:2      | Noticed Natasha
   973 | D:2      | Killed Natasha
  1032 | D:2      | Noticed Natasha
  1040 | D:2      | Killed Natasha
  1040 | D:2      | Reached skill level 5 in Maces & Flails
  1086 | D:2      | Reached XP level 5. HP: 43/50 MP: 4/4
  1187 | D:2      | Noticed Natasha
  1199 | D:2      | Killed Natasha
  1385 | D:2      | Found a runed door.
  1500 | D:2      | Noticed Crazy Yiuf
  1510 | D:2      | Killed Crazy Yiuf
  1652 | D:3      | Noticed Terence
  1656 | D:3      | Killed Terence
  1656 | D:3      | Reached skill level 6 in Maces & Flails
  1716 | D:3      | Reached XP level 6. HP: 56/59 MP: 5/5
  1993 | D:3      | Reached *** piety under Trog
  2544 | D:4      | Noticed Duvessa
  2546 | D:4      | Noticed Dowan
  2556 | D:4      | Killed Duvessa
  2558 | D:4      | Killed Dowan
  2558 | D:4      | Reached skill level 7 in Maces & Flails
  2581 | D:4      | Reached XP level 7. HP: 63/66 MP: 6/6
  2931 | D:4      | Reached skill level 8 in Maces & Flails
  3031 | D:5      | Entered Level 5 of the Dungeon
  3189 | D:5      | Reached skill level 9 in Maces & Flails
  3189 | D:5      | Reached XP level 8. HP: 68/74 MP: 7/7
  3363 | D:5      | Reached skill level 1 in Armour
  3505 | D:5      | Noticed Nico3ck's ghost (novice FoFi)
  3527 | D:5      | Killed Nico3ck's ghost
  3535 | D:5      | Reached **** piety under Trog
  3535 | D:5      | Reached skill level 10 in Maces & Flails
  3802 | D:5      | Found a staircase to the Ecumenical Temple.
  3882 | D:6      | Found a blossoming altar of Fedhas.
  3893 | D:6      | Found a bloodstained altar of Trog.
  4148 | D:6      | Reached XP level 9. HP: 80/80 MP: 8/8
  4282 | D:6      | Found a white marble altar of Elyvilon.
  4310 | D:6      | Noticed a two-headed ogre
  4320 | D:6      | Killed a two-headed ogre
  4320 | D:6      | Reached skill level 11 in Maces & Flails
  4682 | D:7      | Reached ***** piety under Trog
  4830 | D:7      | Reached skill level 5 in Armour
  5150 | D:8      | Received a gift from Trog
  5213 | D:8      | Noticed a death yak
  5213 | D:8      | Noticed a death yak
  5215 | D:8      | Noticed a death yak
  5216 | D:8      | Noticed a death yak
  5217 | D:8      | Noticed a death yak
  5217 | D:8      | Noticed a death yak
  5226 | D:8      | Killed a death yak
  5226 | D:8      | Reached skill level 12 in Maces & Flails
  5226 | D:8      | Reached XP level 10. HP: 88/88 MP: 9/9
  5239 | D:8      | Killed a death yak
  5242 | D:8      | Killed a death yak
  5248 | D:8      | Found a staircase to the Lair.
  5351 | D:8      | Found a sand-covered staircase.
  5358 | Ossuary  | Entered an ossuary
  5695 | D:8      | Killed a death yak
  5707 | D:8      | Killed a death yak
  5707 | D:8      | Reached skill level 13 in Maces & Flails
  5708 | D:8      | Killed a death yak
  6051 | D:8      | Reached XP level 11. HP: 86/94 MP: 3/10
  6107 | D:8      | Noticed a three-headed hydra
  6115 | D:8      | Killed a three-headed hydra
  6884 | D:10     | Entered Level 10 of the Dungeon
  6887 | D:10     | Found Xiqol's Food Emporium.
  6931 | D:10     | Reached skill level 14 in Maces & Flails
  6979 | D:10     | Found Quajud's Book Emporium.
  6995 | D:10     | Noticed Urug
  7005 | D:10     | Killed Urug
  7014 | D:10     | Received a gift from Trog
  7138 | D:10     | Noticed a two-headed ogre
  7146 | D:10     | Killed a two-headed ogre
  7200 | D:10     | Found Ydghae's Food Emporium.
  7203 | D:10     | Noticed a two-headed ogre
  7213 | D:10     | Killed a two-headed ogre
  7360 | D:10     | Noticed a two-headed ogre
  7363 | D:10     | Killed a two-headed ogre
  7593 | D:10     | Paralysed by a hornet for 3 turns
  7763 | D:11     | Noticed a two-headed ogre
  7774 | D:11     | Killed a two-headed ogre
  7863 | D:11     | Reached skill level 15 in Maces & Flails
  7868 | D:11     | Reached XP level 12. HP: 82/104 MP: 3/11
  7911 | D:11     | Got a brightly glowing amber ring
  7964 | D:11     | Identified the ring "Kuopu" {rPois MR+} (You found it on level 11 of the Dungeon)
  8371 | D:12     | Found a staircase to the Orcish Mines.
  8633 | D:12     | Noticed a two-headed ogre
  8642 | D:12     | Killed a two-headed ogre
  8750 | D:12     | Received a gift from Trog
  9252 | D:13     | Found a blossoming altar of Fedhas.
  9269 | D:13     | Noticed a centaur warrior
  9276 | D:13     | Killed a centaur warrior
  9425 | D:13     | Reached skill level 16 in Maces & Flails
  9471 | D:13     | Noticed a two-headed ogre
  9480 | D:13     | Killed a two-headed ogre
 10244 | D:14     | Noticed a tengu warrior
 10252 | D:14     | Killed a tengu warrior
 10267 | D:14     | Noticed Louise
 10280 | D:14     | Killed Louise
 10280 | D:14     | Reached XP level 13. HP: 110/110 MP: 4/12
 10384 | D:14     | Found a basalt altar of Yredelemnul.
 10590 | D:14     | Reached skill level 10 in Armour
 10906 | D:14     | Found a gate to the Vaults.
 11028 | D:14     | Reached skill level 17 in Maces & Flails
 11069 | D:15     | Entered Level 15 of the Dungeon
 11159 | D:15     | Found a portal to a secret trove of treasure.
 11585 | D:15     | Found a staircase to the Depths.
 11585 | D:15     | Noticed a frost giant
 11588 | D:15     | Killed a frost giant
 11836 | Lair:1   | Entered Level 1 of the Lair of Beasts
 12977 | Lair:2   | Received a gift from Trog
 13475 | Lair:3   | Noticed Gastronok
 13491 | Lair:3   | Killed Gastronok
 13624 | Lair:3   | Reached skill level 18 in Maces & Flails
 13657 | Lair:3   | Reached XP level 14. HP: 37/118 MP: 4/13
 14030 | Lair:3   | Noticed Rupert
 14040 | Lair:3   | Killed Rupert
 14677 | Lair:4   | Found a labyrinth entrance.
 14688 | Lab      | Entered a labyrinth
 15316 | Lab      | Gained mutation: You are frail. (-10% HP) [potion of mutation]
 15316 | Lab      | Gained mutation: You have a somewhat thin skeletal structure. (Dex +2, Stealth) [potion of mutation]
 15317 | Lab      | Lost intelligence.
 15672 | Lab      | Got a scintillating wooden ring
 15679 | Lab      | Identified the ring of Yttocypi {Wiz MR+ Int+3 Dex-4} (You found it in a labyrinth)
 15690 | Lab      | Got a crude robe
 16083 | Lair:4   | Found a staircase to the Snake Pit.
 16250 | Lair:4   | Found a staircase to the Swamp.
 16640 | Lair:5   | Found a staircase to the Slime Pits.
 16640 | Lair:5   | Found a viscous altar of Jiyva.
 16918 | Lair:5   | Reached skill level 19 in Maces & Flails
 17672 | Slime:1  | Entered Level 1 of the Pits of Slime
 17672 | Slime:1  | Noticed an azure jelly
 17677 | Lair:5   | Killed an azure jelly
 17686 | Lair:6   | Entered Level 6 of the Lair of Beasts
 17826 | Lair:6   | Received a gift from Trog
 17902 | Lair:6   | Reached XP level 15. HP: 111/111 MP: 4/14
 17997 | Lair:6   | Identified the Disquisition on Curses
 19118 | Orc:1    | Entered Level 1 of the Orcish Mines
 19140 | Orc:1    | Noticed Josephine
 19147 | Orc:1    | Noticed Maurice
 19343 | Orc:1    | Killed Maurice
 19767 | Orc:2    | Entered Level 2 of the Orcish Mines
 19891 | Orc:2    | Received a gift from Trog
 19926 | Orc:2    | Killed Josephine
 20069 | Orc:2    | Reached skill level 20 in Maces & Flails
 20088 | Orc:2    | Found a staircase to the Elven Halls.
 20801 | Orc:2    | Found Pyjaote's Antique Armour Emporium.
 20801 | Orc:2    | Found Duyvuczo's Armour Boutique.
 20802 | Orc:2    | Found Muotu Veuse's General Store.
 20802 | Orc:2    | Found Ithracab's Antique Armour Shoppe.
 20813 | Orc:2    | Bought a potion of curing for 39 gold pieces
 20813 | Orc:2    | Bought 3 fruits for 58 gold pieces
 20813 | Orc:2    | Bought a potion of agility for 52 gold pieces
 20813 | Orc:2    | Bought a scroll of recharging for 123 gold pieces
 20960 | Orc:2    | Gained mutation: You can translocate small distances at will. [potion of beneficial mutation]
 21164 | Swamp:1  | Entered Level 1 of the Swamp
 21764 | Swamp:2  | Received a gift from Trog
 22036 | Swamp:2  | Reached XP level 16. HP: 113/118 MP: 5/15
 22053 | Swamp:2  | Noticed a tentacled monstrosity
 22058 | Swamp:2  | Noticed Messajah's ghost (journeyman MiBe)
 22147 | Swamp:2  | Got a vibrating lead ring
 22191 | Swamp:2  | Identified the +2 robe "Feuth" {rC+ SInv} (You found it in a labyrinth)
 22205 | Swamp:2  | Identified the ring "Poakh" {rCorr rElec rPois rN+ Dex-5} (You found it on level 2 of the Swamp)
 22317 | Swamp:2  | Killed a tentacled monstrosity
 22317 | Swamp:2  | Received a gift from Trog
 22545 | Swamp:2  | Killed Messajah's ghost
 22749 | Swamp:3  | Noticed a thorn hunter
 22808 | Swamp:3  | Killed a thorn hunter
 22853 | Swamp:3  | Reached skill level 21 in Maces & Flails
 22855 | Swamp:3  | Received a gift from Trog
 23610 | Swamp:3  | Noticed a thorn hunter
 23621 | Swamp:3  | Killed a thorn hunter
 24044 | Swamp:4  | Entered Level 4 of the Swamp
 24159 | Swamp:4  | Reached ****** piety under Trog
 24181 | Swamp:4  | Noticed a thorn hunter
 24303 | Swamp:4  | Noticed a thorn hunter
 24304 | Swamp:4  | Received a gift from Trog
 24315 | Swamp:4  | Killed a thorn hunter
 24323 | Swamp:4  | Killed a thorn hunter
 24742 | Swamp:4  | Got a decaying rune of Zot
 25454 | Snake:1  | Entered Level 1 of the Snake Pit
 26842 | Snake:2  | Reached XP level 17. HP: 122/125 MP: 0/16
 27217 | Snake:2  | Received a gift from Trog
 27506 | Snake:3  | Reached skill level 22 in Maces & Flails
 28160 | Snake:3  | Received a gift from Trog
 28525 | Snake:3  | Reached skill level 1 in Evocations
 29000 | Snake:4  | Entered Level 4 of the Snake Pit
 29838 | Snake:4  | Received a gift from Trog
 30480 | Snake:4  | Got a serpentine rune of Zot
 30822 | Snake:2  | Reached XP level 18. HP: 74/138 MP: 6/19
 30986 | D:10     | Bought a royal jelly for 22 gold pieces
 30986 | D:10     | Bought a bread ration for 55 gold pieces
 30986 | D:10     | Bought a meat ration for 55 gold pieces
 30986 | D:10     | Bought a meat ration for 55 gold pieces
 30986 | D:10     | Bought a bread ration for 55 gold pieces
 30986 | D:10     | Bought a meat ration for 55 gold pieces
 30986 | D:10     | Bought 3 fruits for 49 gold pieces
 30986 | D:10     | Bought a meat ration for 55 gold pieces
 30986 | D:10     | Bought a bread ration for 55 gold pieces
 30986 | D:10     | Bought a royal jelly for 22 gold pieces
 30986 | D:10     | Bought a bread ration for 55 gold pieces
 30986 | D:10     | Bought a royal jelly for 22 gold pieces
 30986 | D:10     | Bought a royal jelly for 22 gold pieces
 31115 | Vaults:1 | Entered Level 1 of the Vaults
 31189 | Vaults:1 | Received a gift from Trog
 31206 | Vaults:1 | Reached skill level 5 in Dodging
 31326 | Vaults:1 | Reached skill level 5 in Fighting
 31475 | Vaults:1 | Reached skill level 15 in Armour
 31536 | Vaults:1 | Received a gift from Trog
 31582 | Vaults:1 | Got an ichor-stained demon whip {god gift}
 31586 | Vaults:1 | Reached skill level 5 in Evocations
 32305 | Vaults:1 | Identified the +3 demon whip "Rorabihe" {flame, MR- Str+8 SInv} (Trog gifted it to you on level 1 of the Vaults)
 32814 | Vaults:2 | Found Loixoj's Weapon Shop.
 33021 | Vaults:2 | Found Imel's General Store.
 33035 | Vaults:2 | Received a gift from Trog
 33113 | Vaults:2 | Bought a royal jelly for 32 gold pieces
 33113 | Vaults:2 | Bought 2 potions of flight for 96 gold pieces
 33113 | Vaults:2 | Bought a bread ration for 80 gold pieces
 33113 | Vaults:2 | Bought a royal jelly for 32 gold pieces
 33177 | Vaults:2 | Noticed Bai Suzhen
 33192 | Vaults:2 | Killed Bai Suzhen
 33614 | Vaults:2 | Found Xiutokhli's Antique Armour Shoppe.
 33776 | Vaults:2 | Reached XP level 19. HP: 12/152 MP: 7/22
 34189 | Vaults:2 | Received a gift from Trog
 34383 | Vaults:2 | Found a staircase to the Crypt.
 34476 | Vaults:2 | Found Elonueg's Antique Weapon Boutique.
 36286 | Vaults:3 | Received a gift from Trog
 36314 | Vaults:3 | Got a transparent giant spiked club {god gift}
 36405 | Vaults:3 | Found Deducef's Antique Armour Emporium.
 36486 | Vaults:3 | Identified the +5 giant spiked club "Doeciops" {venom, rPois Str+5} (Trog gifted it to you on level 3 of the Vaults)
 36767 | Vaults:3 | You fall through a shaft!
 37037 | Vaults:4 | Reached skill level 23 in Maces & Flails
 37498 | Vaults:4 | Found Miabyuh's Antique Weapon Shop.
 37611 | Vaults:4 | Received a gift from Trog
 38457 | Vaults:3 | Bought a glowing hat for 460 gold pieces
 38976 | Elf:1    | Entered Level 1 of the Elven Halls
 39259 | Elf:1    | Found Qobiuh's Food Shoppe.
 39266 | Elf:1    | Bought 2 royal jellies for 52 gold pieces
 39266 | Elf:1    | Bought a bread ration for 65 gold pieces
 39266 | Elf:1    | Bought a meat ration for 65 gold pieces
 39266 | Elf:1    | Bought a bread ration for 65 gold pieces
 39266 | Elf:1    | Bought a fruit for 19 gold pieces
 39266 | Elf:1    | Bought a royal jelly for 26 gold pieces
 39266 | Elf:1    | Bought a royal jelly for 26 gold pieces
 39266 | Elf:1    | Bought a bread ration for 65 gold pieces
 39266 | Elf:1    | Bought a bread ration for 65 gold pieces
 39266 | Elf:1    | Bought a meat ration for 65 gold pieces
 39320 | Elf:1    | Received a gift from Trog
 39420 | Elf:1    | Identified Kikubaaqudgha's Almanac of Black Magic
 39576 | Elf:1    | Reached XP level 20. HP: 153/164 MP: 24/24
 40285 | Elf:2    | Found a runed gate.
 40285 | Elf:2    | Found a runed gate.
 40295 | Elf:2    | Found a runed gate.
 40725 | Elf:3    | Entered Level 3 of the Elven Halls
 40728 | Elf:3    | Received a gift from Trog
 42123 | Elf:3    | Received a gift from Trog
 42943 | Elf:3    | Got an ancient copper ring
 42945 | Elf:3    | Identified the ring of Xom's Recklessness {Int+4 Dex+4} (You took it off a deep elf high priest on level 3 of the Elven Halls)
 43043 | Elf:3    | Received a gift from Trog
 43464 | Elf:3    | Got a slimy cloak
 43470 | Elf:3    | Identified the +0 cloak of the Buccaneer {-Tele *Corrode rC+++ Slay+6} (You found it on level 3 of the Elven Halls)
 43509 | Elf:3    | Identified Nenafoth's Guide on the Dark Birds
 43634 | Elf:3    | Got a glittering lead amulet
 43641 | Elf:3    | Identified the amulet "Ponoo" {Reflect rElec SH+5} (You took it off a deep elf sorcerer on level 3 of the Elven Halls)
 43980 | D:15     | You paid a toll of +5 ice dragon scales to enter a treasure trove
 43981 | Trove    | Entered a treasure trove
 43994 | Trove    | Got a brightly glowing platinum amulet
 44012 | Trove    | Got a steaming ivory ring
 44014 | Trove    | Got steaming storm dragon scales
 44016 | Trove    | Got a twisted giant spiked club
 44038 | D:15     | Identified the +10 storm dragon scales of the Game of Kings {+Blink rElec Regen+ Str-3 SInv} (You found it in a treasure trove)
 44042 | D:15     | Identified the ring "Cazxant" {rC+ Dex+5} (You found it in a treasure trove)
 44055 | D:15     | Identified the +4 giant spiked club "Ypsit" {drain, rN+} (You found it in a treasure trove)
 44123 | Depths:1 | Entered Level 1 of the Depths
 44335 | Depths:1 | Reached skill level 1 in Throwing
 44335 | Depths:1 | Reached XP level 21. HP: 96/176 MP: 26/26
 44414 | Depths:1 | Received a gift from Trog
 44457 | Depths:1 | Found a huge runed gate.
 44457 | Depths:1 | Found a huge runed gate.
 44457 | Depths:1 | Found a huge runed gate.
 44457 | Depths:1 | Found a huge runed gate.
 44458 | Depths:1 | Found a huge runed gate.
 44458 | Depths:1 | Found a huge runed gate.
 44459 | Depths:1 | Found a huge runed gate.
 44459 | Depths:1 | Found a huge runed gate.
 44460 | Depths:1 | Found a huge runed gate.
 44460 | Depths:1 | Found a huge runed gate.
 44461 | Depths:1 | Found a huge runed gate.
 44462 | Depths:1 | Found a huge runed gate.
 44463 | Depths:1 | Found a huge runed gate.
 44779 | Depths:1 | Reached skill level 10 in Dodging
 44827 | Depths:1 | Found a gateway to Hell.
 44840 | Depths:1 | Found a huge runed gate.
 44840 | Depths:1 | Found a huge runed gate.
 44840 | Depths:1 | Found a huge runed gate.
 44840 | Depths:1 | Found a huge runed gate.
 44841 | Depths:1 | Found a huge runed gate.
 44842 | Depths:1 | Found a huge runed gate.
 45514 | Depths:2 | Received a gift from Trog
 45518 | Depths:2 | Got a pitted giant spiked club {god gift}
 45553 | Depths:2 | Found Qeomon's Distillery.
 45561 | Depths:2 | Bought a potion of heal wounds for 55 gold pieces
 45561 | Depths:2 | Found Nyaciurr's Armour Shoppe.
 45667 | Depths:2 | Reached skill level 10 in Fighting
 46097 | Depths:2 | Noticed a caustic shrike
 46109 | Depths:2 | Killed a caustic shrike
 46113 | Depths:2 | Received a gift from Trog
 46148 | Depths:2 | Noticed Nikola
 46162 | Depths:2 | Killed Nikola
 46564 | Depths:2 | Identified the +4 giant spiked club of Vokitrig {crush, +Blink rElec rC-} (Trog gifted it to you on level 2 of the Depths)
 46736 | Depths:2 | Bought a potion of curing for 33 gold pieces
 46736 | Depths:2 | Bought a potion of cure mutation for 275 gold pieces
 46736 | Depths:2 | Bought a potion of flight for 33 gold pieces
 46736 | Depths:2 | Bought a potion of haste for 110 gold pieces
 46736 | Depths:2 | Bought a potion of flight for 33 gold pieces
 46736 | Depths:2 | Bought a potion of flight for 33 gold pieces
 46736 | Depths:2 | Bought a potion of flight for 33 gold pieces
 46736 | Depths:2 | Bought a potion of cancellation for 88 gold pieces
 46736 | Depths:2 | Bought a potion of resistance for 110 gold pieces
 46736 | Depths:2 | Bought a potion of beneficial mutation for 385 gold pieces
 46741 | Depths:2 | Gained mutation: You are somewhat resistant to further mutation. [potion of beneficial mutation]
 46784 | Depths:3 | Found a gateway to a ziggurat.
 47057 | Depths:3 | Reached XP level 22. HP: 176/188 MP: 28/28
 47078 | Depths:3 | Received a gift from Trog
 47078 | Depths:3 | Reached skill level 5 in Throwing
 47207 | Depths:3 | HP: 3/188 [stone giant (29)]
 47728 | Depths:3 | Found a stormy altar of Qazlal.
 47865 | Depths:3 | Identified Verorr's Papyrus of Dark Enhancements
 48167 | Depths:3 | Received a gift from Trog
 48167 | Depths:3 | HP: 4/188 [hell knight/bolt of fire (9)]
 48825 | Depths:1 | Upgraded the game from 0.20-a0-548-g4f8a798 to 0.20-a0-550-gf70bbbc
 49141 | Lair:5   | Reached skill level 10 in Evocations
 49452 | Slime:1  | Reached skill level 24 in Maces & Flails
 49759 | Slime:2  | Received a gift from Trog
 49780 | Slime:2  | Noticed Dissolution
 49786 | Slime:2  | Paralysed by a floating eye for 3 turns
 49799 | Slime:2  | Killed Dissolution
 50428 | Slime:3  | Gained mutation: Your body sometimes deteriorates upon taking damage. [a shining eye]
 50431 | Slime:3  | Gained mutation: Armour fits poorly on your strangely shaped body. [a shining eye]
 50765 | Slime:2  | Reached XP level 23. HP: 53/197 MP: 29/29
 50766 | Slime:2  | Lost mutation: Your body sometimes deteriorates upon taking damage. [potion of cure mutation]
 50766 | Slime:2  | Lost mutation: You are frail. (-10% HP) [potion of cure mutation]
 50766 | Slime:2  | Lost mutation: Armour fits poorly on your strangely shaped body. [potion of cure mutation]
 50766 | Slime:2  | Lost mutation: You are somewhat resistant to further mutation. [potion of cure mutation]
 51586 | Slime:5  | Entered Level 5 of the Pits of Slime
 51881 | Slime:5  | Received a gift from Trog
 51894 | Slime:5  | Got a jewelled giant spiked club {god gift}
 52131 | Slime:5  | Noticed the Royal Jelly
 52147 | Slime:5  | Killed the Royal Jelly
 52157 | Slime:5  | Slain by an acid blob

Vault maps used:
D:1:      wheals_arrival_shading, serial_bayou_pond_d, minmay_misc_feat_square,
          hangedman_decor_lopped, nemelex_xobeh_ov_fountains_minmay
D:2:      uniq_natasha, uniq_crazy_yiuf_cottage, uniq_robin
D:3:      uniq_terence
D:4:      uniq_duvessa
D:5:      temple_hall, first_bread
D:6:      lemuel_round_altar, grunt_temple_overflow_open
D:7:      minmay_fountain_box
D:8:      dpeg_lair_monsters, enter_ossuary_4, hangedman_ranch
D:9:      lemuel_flame_loot_2
D:10:     serial_shops, shop, nicolae_shop_competitors_out_of_business, shop,
          uniq_urug
D:12:     erik_orc_3
D:13:     fedhas_altar_2
D:14:     david_vaults_2, yredelemnul_altar_generic, uniq_louise
D:15:     grunt_enter_depths_snipers, minmay_misc_feat_alley, enter_trove_5
Lair:1:   beast_lair_carwin_4
Lair:3:   hangedman_lair_unloving_vines, beast_lair_carwin_10,
          lemuel_fruit_tree, infiniplex_staircase_pool_2, lemuel_fruit_fields,
          uniq_rupert, uniq_gastronok
Lair:4:   minmay_swamp_entry_worms, guppyfry_snake_entry_island,
          lab_entry_generic, grunt_forest_large_clearings
Lair:5:   slime_altar_1, grunt_megastairs_5
Lair:6:   evilmike_catoblepas_cave, lemuel_fruit_fields
Swamp:1:  nicolae_swamp_dense_foliage
Swamp:2:  evilmike_swamp_ruin_house_6
Swamp:3:  evilmike_swamp_ruin_house_3, swamp_pool1
Swamp:4:  swamp_alternative
Snake:4:  snake_pit, st_stairs_11, serial_bayou_shore_a
Slime:1:  cheibrodos_slime_lost_civilization_5
Slime:2:  uniq_dissolution
Orc:1:    roderic_batcave, uniq_josephine, uniq_maurice
Orc:2:    st_orc_ogre_mass
Elf:1:    serial_shops, shop, minmay_elf_necromancy
Elf:3:    minmay_elf_hall_not_hex
Vaults:1: hangedman_vaults_stretched_pinwheel, vaults_mumra_hexcomb,
          ontoclasm_vaults_twist, vaults_dpeg_hooks, v_misc_29,
          vaults_standard_mumra_x, v_misc_11, nicolae_vaults_border_crossing
Vaults:2: minmay_crypt_entry_simple_plaza, nicolae_vaults_what_the_h,
          serial_ice_m, grunt_vaults_funnel, vaults_room_pool, serial_shops,
          nicolae_shop_statue_plus, shop, shop_coins,
          nicolae_shop_temple_entry_statues_fountains, uniq_bai_suzhen
Vaults:3: v_misc_22, nicolae_vaults_twisting_passages, v_misc_23,
          ontoclasm_vaults_ligature, nicolae_vaults_network_barrier,
          ontoclasm_vaults_shuriken, nicolae_vaults_little_squares_3,
          ontoclasm_vaults_gateway, vaults_dpeg_encased_lava, st_lines,
          vaults_room_door_hall, serial_shops, nicolae_shop_crystal
Vaults:4: nicolae_vaults_theta, vaults_room_corners, v_misc_14,
          ontoclasm_vaults_idyll, vaults_mumra_lcd, grunt_vaults_focal,
          ontoclasm_vaults_eye, nicolae_vaults_three_branches,
          nicolae_vaults_network_square, vaults_room_pools, serial_shops,
          nicolae_shop_stone
Depths:1: hangedman_decor_slide_cut, hellmouth_1, grunt_decor_arrowhead,
          spider_trap, not_door_vault_mu, grunt_decor_cap, nicolae_two_hexagons
Depths:2: minmay_outward_triangles, lightli_too_deep, minmay_strange_pillars,
          infiniplex_staircase_trident, minmay_shop_star, serial_bayou_shore_b,
          uniq_nikola
Depths:3: regret_index_qazlal_generations, enter_ziggurat_d, chequers_big_river,
          hell_entry, rand_demon_pan_entry_8, glass_columns_a,
          nrook_loot_triangle
Lab:      nicolae_lab_grate_2, labyrinth_lava_lair, lab_block
Trove:    trove_simple
Ossuary:  ossuary_tomb_3

Skill      XL: |  1  2  3  4  5  6  7  8  9 10 11 12 13 14 15 16 17 18 19 20 21 22 |
---------------+-------------------------------------------------------------------+-----
Maces & Flails | 3 4 5 6 7 9 10 12 13 15 16 18 19 20 21 22 23 24 | 24.2
Armour         | 3 5 6 8 9 11 12 13 14 15 16 17 | 17.6
Evocations     | 3 5 7 8 9 10 | 10.7
Dodging        | 4 6 8 9 10 11 | 11.8
Fighting       | 4 6 8 9 10 11 | 11.6
Throwing       | 1 4 7 |  7.8

Action                   |  1- 3 |  4- 6 |  7- 9 | 10-12 | 13-15 | 16-18 | 19-21 | 22-24 || total
-------------------------+-------+-------+-------+-------+-------+-------+-------+-------++-------
Melee: Mace              |    90 |    83 |       |       |       |       |       |       ||   173
       Quarterstaff      |       |    87 |   151 |       |       |       |       |       ||   238
       Whip              |       |       |   294 |    59 |       |       |       |       ||   353
       Flail             |       |       |    45 |    75 |       |       |       |       ||   120
       Giant club        |       |       |       |   460 |  1207 |  1344 |   274 |       ||  3285
       Giant spiked club |       |       |       |       |       |       |  1211 |   587 ||  1798
Throw: Large rock        |       |       |       |     5 |     7 |    39 |   114 |    27 ||   192
Invok: Berserk           |     2 |     2 |     5 |     8 |    21 |    29 |    20 |    10 ||    97
       Brothers in Arms  |       |       |       |     2 |     7 |     9 |     6 |     7 ||    31
       Trog's Hand       |       |       |       |     1 |     2 |     8 |    11 |     5 ||    27
 Abil: Blink             |       |       |       |       |       |       |     3 |     2 ||     5
Evoke: Wand              |       |       |       |     6 |     3 |    38 |    43 |     9 ||    99
       Lightning rod     |       |       |       |       |     4 |     4 |     4 |       ||    12
       Phial of floods   |       |       |       |       |       |     2 |     4 |     3 ||     9
       Sack of spiders   |       |       |       |       |       |       |       |     2 ||     2
  Use: Scroll            |       |     1 |       |    14 |    14 |    35 |    14 |     6 ||    84
       Potion            |       |       |       |       |    15 |     7 |     6 |    15 ||    43
 Stab: Confused          |       |       |     1 |       |     1 |       |       |     2 ||     4
       Distracted        |       |       |       |     1 |     1 |     1 |       |       ||     3
       Paralysed         |       |       |       |       |       |     2 |       |       ||     2
  Eat: Chunk             |    14 |    19 |    26 |    62 |   114 |    92 |   151 |    24 ||   502
       Royal jelly       |       |       |       |       |     3 |     9 |       |     2 ||    14
       Bread ration      |       |       |       |       |     3 |     2 |       |     6 ||    11
       Meat ration       |       |       |       |       |       |     5 |       |     1 ||     6
Armor: Animal skin       |    60 |    34 |       |       |       |       |       |       ||    94
       Robe              |       |     8 |       |       |       |       |       |       ||     8
       Ice dragon scales |       |    13 |   256 |   344 |   793 |   959 |   117 |       ||  2482
       Storm dragon scal |       |       |       |       |       |       |   659 |   365 ||  1024
       Fire dragon scale |       |       |       |       |       |       |       |    72 ||    72
Dodge: Dodged            |    90 |    92 |   147 |   211 |   558 |   450 |   410 |   282 ||  2240
